 Dungeon Sprint DCSS version 0.21.2 (webtiles) character file.

1 Fang the Sneak (level 1, 0/12 HPs)
             Began as a Gargoyle Assassin on Dec 19, 2018.
             Was an Initiate of Trog.
             Slain by an ufetubus (1 damage)
             ... in the Dungeon (Sprint VII: "The Pits").
             The game lasted 00:00:23 (74 turns).

Fang the Sneak (Gargoyle Assassin)                    Turns: 74, Time: 00:00:24

Health: 0/12       AC:  5    Str: 14    XL:     1   Next: 20%
Magic:  1/1        EV: 11    Int: 11    God:    Trog [......]
Gold:   0          SH:  0    Dex: 11    Spells: 0/0 levels left

rFire    . . .     SeeInvis .   a - +2 dagger
rCold    . . .     Gourm    .   (no shield)
rNeg     + . .     Faith    .   c - +0 robe
rPois    ∞         Spirit   .   (no helmet)
rElec    +         Reflect  .   d - +0 cloak
rCorr    .         Harm     .   (no gloves)
MR       .....     NoTele   +   (no boots)
Stlth    +++.......             (no amulet)
HPRegen  0.04/turn              (no ring)
MPRegen  0.07/turn              (no ring)

@: no status effects
A: negative energy resistance 1, electricity resistance, unbreathing,
petrification resistance, rot immunity, AC +2
a: Burn Spellbooks, Renounce Religion


You were in the Dungeon.
You worshipped Trog.
Trog was noncommittal.
You were not hungry.

You visited 1 branch

Inventory:

Hand Weapons
 a - a +2 dagger (weapon)
 b - a +0 blowgun
 n - a +2 hand axe
Missiles
 e - 8 poisoned needles
 f - 2 curare-tipped needles
Armour
 c - a +0 robe (worn)
 d - a +0 cloak (worn)
Scrolls
 m - a scroll of blinking
 p - 3 scrolls of remove curse
 q - a scroll of summoning
Potions
 h - a potion of curing
 i - a potion of heal wounds
 j - a potion of haste
 k - 4 potions of magic
 l - 3 potions of berserk rage
 o - 2 potions of invisibility
Comestibles
 g - 9 rations


   Skills:
 + Level 2.2 Fighting
 + Level 1.8 Short Blades
 + Level 1.8 Throwing
 + Level 0.7 Dodging
 + Level 5.0 Stealth


You couldn't memorise any spells.
You didn't know any spells.

Dungeon Overview and Level Annotations

Branches:
Dungeon (1/1)

Altars:
Cheibriados
Dithmenos
Elyvilon
Fedhas
Gozag
Hepliaklqana
Makhleb
Nemelex Xobeh
Okawaru
Qazlal
Ru
Sif Muna
Trog
Vehumet
Wu Jian
Xom
Yredelemnul
Zin
The Shining One
Beogh
Jiyva
Lugonu


Innate Abilities, Weirdness & Mutations

You are resistant to torment.
Your stone body is resilient. (AC +2)
You are immune to poison.
You resist negative energy. (rN+)
You are resistant to electric shocks. (rElec)
You can survive without breathing.
You are immune to petrification.
You are immune to rotting.


Message History

The ufetubus hits you but does no damage. x2
You hit the ufetubus.
The ufetubus is moderately wounded.
The ufetubus completely misses you. The ufetubus closely misses you.
You completely miss the ufetubus.
The ufetubus is moderately wounded.
The ufetubus barely misses you. x2
You hit the ufetubus.
The ufetubus is severely wounded.
The ufetubus barely misses you. The ufetubus hits you.
The ufetubus hits you but does no damage. x2
You barely miss the ufetubus.
The ufetubus is severely wounded.
The ufetubus hits you.
* * * LOW HITPOINT WARNING * * *
The ufetubus hits you but does no damage.
You miss the ufetubus.
The ufetubus is severely wounded.
The ufetubus closely misses you. The ufetubus hits you.
You die...

########## ________.#
________.#
______...###########++
##########'##...........
#.?(.')))'.##......#..#.
##########.##...........
#......@..†.'...........
#+#####5#####......#..#.
.b# #........... +..#
####'#####++ ####
#.......# #.......#
#.......# #...<...#
#.......#


You could see an ufetubus and a bat.

Vanquished Creatures
  A ball python (D)
1 creature vanquished.

Notes
Turn   | Place    | Note
-------+----------+-------------------------------------------
     0 | D        | Fang the Gargoyle Assassin began the quest for the Orb.
     0 | D        | Reached XP level 1. HP: 12/12 MP: 1/1
    16 | D        | Reached skill level 5 in Stealth
    22 | D        | Found a bloodstained altar of Trog.
    22 | D        | Found a deep blue altar of Sif Muna.
    22 | D        | Found a viscous altar of Jiyva.
    22 | D        | Found a hazy altar of Hepliaklqana.
    22 | D        | Found an opulent altar of Gozag.
    23 | D        | Found a glowing golden altar of the Shining One.
    23 | D        | Found a glowing silver altar of Zin.
    23 | D        | Found a basalt altar of Yredelemnul.
    23 | D        | Found a shimmering altar of Xom.
    23 | D        | Found an ornate altar of the Wu Jian Council.
    23 | D        | Found a sacrificial altar of Ru.
    23 | D        | Found a stormy altar of Qazlal.
    23 | D        | Found an iron altar of Okawaru.
    23 | D        | Found a sparkling altar of Nemelex Xobeh.
    23 | D        | Found a burning altar of Makhleb.
    23 | D        | Found a blossoming altar of Fedhas.
    23 | D        | Found a white marble altar of Elyvilon.
    23 | D        | Found a shadowy altar of Dithmenos.
    23 | D        | Found a snail-covered altar of Cheibriados.
    26 | D        | Found a corrupted altar of Lugonu.
    26 | D        | Found a radiant altar of Vehumet.
    26 | D        | Found a roughly hewn altar of Beogh.
    27 | D        | Became a worshipper of Trog the Wrathful
    74 | D        | Slain by an ufetubus

Skill      XL: |  1 |
---------------+----+-----
Stealth        | 5 |  5.0
Fighting       | |  2.2
Short Blades   | |  1.8
Throwing       | |  1.8
Dodging        | |  0.7

Action                   || total
-------------------------++-------
Melee: Dagger            ||    14
 Stab: Sleeping          ||     1
Armor: Robe              ||    13
Dodge: Dodged            ||    14
